 Dungeon Crawl Stone Soup version 0.18-a0-1683-gf9322e6 (webtiles) character file.

48046 Gruud the Bludgeoner (level 14, -7/156 HPs)
             Began as an Ogre Assassin on Mar 31, 2016.
             Was the Champion of Pakellas.
             Mangled by a redback (9 damage)
             ... on level 3 of the Lair of Beasts on Apr 3, 2016.
             The game lasted 02:23:05 (17778 turns).

Gruud the Bludgeoner (Ogre Assassin)               Turns: 17778, Time: 02:23:06

Health: -7/156     AC:  7    Str: 22    XL:     14   Next: 44%
Magic:  17/20      EV:  6    Int: 10    God:    Pakellas [******]
Gold:   276        SH:  0    Dex: 14    Spells: 0 memorised, 13 levels left

rFire  . . .     SeeInvis +     a - +3 giant spiked club
rCold  . . .     Gourm    +     Y - +0 troll leather armour
rNeg   . . .     Faith    .     (shield currently unavailable)
rPois  +         Spirit   .     (helmet restricted)
rElec  .         Dismiss  .     d - +1 cloak
rCorr  .         Reflect  .     (gloves unavailable)
SustAt .         Harm     .     (boots unavailable)
MR     +....                    U - amulet of the gourmand
Stlth  ++........               E - ring of see invisible
                                r - ring of poison resistance

@: held, somewhat resistant to hostile enchantments, unstealthy
A: unfitting armour, strong 1, tough skin 1
a: Quick Charge, Device Surge, Supercharge, Renounce Religion


You were on level 3 of the Lair of Beasts.
You worshipped Pakellas.
Pakellas was exalted by your worship.
You were completely stuffed.

You visited 2 branches of the dungeon, and saw 17 of its levels.

You collected 1190 gold pieces.
You spent 914 gold pieces at shops.

Inventory:

Hand Weapons
 a - a +3 giant spiked club (weapon)
 b - a +0 blowgun
Missiles
 f - 9 curare-tipped needles
 s - 2 javelins (quivered)
 y - 44 poisoned needles
 I - 9 needles of confusion
 K - 4 large rocks
 X - 2 throwing nets
Armour
 d - a +1 cloak (worn)
 Y - a +0 troll leather armour (worn)
Rods
 n - a +2 rod of shadows (12/12)
   (Pakellas gifted it to you on level 9 of the Dungeon)
Jewellery
 e - an uncursed ring of protection from fire
 k - the ring "Ethrisaupa" {Ice +Inv}
   (You bought it in a shop on level 5 of the Dungeon)

   [ring of ice]

   It enhances your ice magic, and weakens your fire magic.
   It makes you vulnerable to fire.
   It protects you from cold.
   It lets you turn invisible.
 r - a ring of poison resistance (left hand)
 E - a ring of see invisible (right hand)
 U - an amulet of the gourmand (around neck)
 W - an uncursed ring of positive energy
Wands
 o - a wand of paralysis (19/24)
 t - a wand of disintegration (5/24)
 v - a wand of heal wounds (5/9)
 C - a wand of disintegration (4/24)
 G - a wand of acid (14/15)
 N - a wand of iceblast (14/15)
Scrolls
 c - 7 scrolls of teleportation
 i - a scroll of enchant armour
 p - 4 scrolls of recharging
 q - 3 scrolls of remove curse
 J - 4 scrolls of blinking
 Q - 2 scrolls of magic mapping
 R - a scroll of noise
 T - 2 scrolls of fog
Potions
 j - 4 potions of flight
 u - 3 potions of might
 x - 2 potions of brilliance
 z - 4 potions of lignification
 B - a potion of ambrosia
 D - 2 potions of cancellation
 F - 3 potions of agility
 H - 3 potions of magic
 M - 2 potions of cure mutation
 P - a potion of resistance
 S - 2 potions of haste
 V - 6 potions of curing
 Z - a potion of heal wounds
Miscellaneous
 m - a plain deck of changes {the Helm}
 A - a phial of floods
Comestibles
 g - 11 bread rations
 h - a beef jerky
 l - 4 chunks of flesh
 w - 6 meat rations
 L - 9 fruits
 O - 2 royal jellies


   Skills:
 - Level 14.0 Fighting
   Level 1.2 Short Blades
 * Level 19.0 Maces & Flails
 - Level 10.1 Throwing
 + Level 4.3 Armour
 + Level 4.6 Dodging
 - Level 3.2 Stealth
 + Level 8.4 Evocations


You had 13 spell levels left.
You didn't know any spells.

Dungeon Overview and Level Annotations

Branches:
Dungeon (14/15)            Temple (0/1) D:5            Lair (3/8) D:10
 Spider (0/4) Lair:3          Orc (0/2) D:11         Vaults (0/5) D:14
  Swamp: Lair:3-6    Shoals: Lair:3-6

Altars:
Cheibriados
Fedhas
Gozag
Makhleb
Nemelex Xobeh
Pakellas
Ru
Sif Muna
Trog
Vehumet
Xom
The Shining One

Shops:
D:5 =   D:7 *


Innate Abilities, Weirdness & Mutations

You are too large for most types of armour.
You have tough skin (AC +1).
Your muscles are strong. (Str +2)


Message History

* * * LOW HITPOINT WARNING * * *
The jumping spider bites you.
* * * LOW HITPOINT WARNING * * *
The redback bites you.
* * * LOW HITPOINT WARNING * * *
The redback bites you!
* * * LOW HITPOINT WARNING * * *
Drink which item? (? for menu, Esc to quit)
You feel better.
The jumping spider pounces on you but does no damage.
The jumping spider bites you.
* * * LOW HITPOINT WARNING * * *
The redback closely misses you.
The jumping spider leaps!
The redback bites you but does no damage.
The jumping spider pounces on you!
* * * LOW HITPOINT WARNING * * *
The jumping spider bites you but does no damage.
The redback bites you!
You die...
Pakellas says: Back to the drawing board!

...... # #. ##
....... .#.###.#
.......# #...#.#
......## ..>..#
#.....####...#
##..>....##≈≈≈#
#.........#..§# ###
###...s...§ss..#
.PP###.#.......s@####
................##
................##
.................#
................##
................#
......[.........##
................P#
.................#


You could see 2 jumping spiders and 2 redbacks.

Vanquished Creatures
  Rupert (D:13)
  Snorg (D:14)
  Erolcha (D:8)
  A centaur warrior (D:14)
  4 hydras
  An ogre mage (D:14)
  The ghost of gruber the Slinger, a journeyman HaHu of Okawaru (D:9)
  Urug (D:13)
  A queen ant (Lair:1)
  A skeletal warrior (D:14)
  2 unseen horrors
  4 deep elf magi
  A griffon (D:13)
  7 hill giants
  An orc knight (D:14)
  2 wizards (D:11)
  An ugly thing (D:11)
  Maurice (D:13)
  Psyche (D:8)
  A manticore (D:14)
  A guardian serpent (D:12)
  3 black mambas (Lair:1)
  4 centaur zombies
  6 centaur skeletons
  3 spiny frogs (Lair:1)
  A gargoyle (D:11)
  A kobold demonologist (D:11)
  2 yaktaurs (D:14)
  A tengu conjurer (D:14)
  2 trolls (D:11)
  2 two-headed ogres (D:14)
  4 blink frogs (Lair:1)
  2 shadows
  5 wraiths
  43 yaks
  A spriggan (D:7)
  Sigmund (D:4)
  3 wyverns
  2 basilisks (D:14)
  A hungry ghost (D:14)
  7 hippogriffs
  3 mottled dragons
  20 soldier ants (Lair:1)
  A water moccasin (Lair:1)
  3 porcupines
  5 orc warriors
  A phantom (D:10)
  2 wasps
  4 sky beasts
  8 ogres
  3 ice beasts
  3 eyes of draining
  3 wolves (Lair:2)
  14 centaurs
  6 crocodiles
  10 giant frogs
  A wyvern zombie (D:13)
  A water moccasin zombie (D:7)
  A wyvern skeleton (D:14)
  6 jellies
  4 scorpions
  11 killer bees
  10 wights
  2 howler monkeys
  A crimson imp (D:14)
  A giant frog zombie (D:9)
  A quasit (D:9)
  5 orc priests
  5 giant frog skeletons
  9 hounds
  Ijyb (D:3)
  14 orc wizards
  3 iguanas
  27 worker ants
  A hound zombie (D:7)
  A hound skeleton (D:7)
  2 worker ant zombies
  9 gnolls
  15 adders
  36 river rats
  A shadow imp (D:13)
  An adder zombie (D:9)
  A worm (D:3)
  4 dart slugs
  3 giant geckos
  45 orcs
  7 giant cockroaches
  3 goblins
  5 hobgoblins
  12 jackals
  5 quokkas
  A ball python (D:3)
  5 bats
  2 giant gecko skeletons
  3 giant newts
  2 jackal skeletons
  9 kobolds
  3 quokka skeletons
  2 quokka zombies
  10 rats
  A butterfly (D:9)
507 creatures vanquished.

Vanquished Creatures (collateral kills)
  The ghost of feelmyfire the Basher, a journeyman HOFi of Trog (D:10)
  An ugly thing (D:12)
  A komodo dragon (D:11)
  A yaktaur (D:14)
  A basilisk (D:10)
  A wraith (D:10)
  A hungry ghost (D:12)
  2 orc wizards
9 creatures vanquished.

Vanquished Creatures (others)
  An orc wizard (D:5)
  3 bushes (D:10)
  A fungus (Lair:1)
  12 plants (D:10)
17 creatures vanquished.

Grand Total: 533 creatures vanquished

Notes
Turn   | Place    | Note
--------------------------------------------------------------
     0 | D:1      | Gruud the Ogre Assassin began the quest for the Orb.
     0 | D:1      | Reached XP level 1. HP: 22/22 MP: 1/1
   406 | D:1      | Reached XP level 2. HP: 31/31 MP: 2/2
   994 | D:1      | Reached skill level 1 in Maces & Flails
  1530 | D:2      | Gained mutation: Your muscles are strong. (Str +2) [potion of beneficial mutation]
  1589 | D:2      | Reached XP level 3. HP: 39/39 MP: 3/3
  1800 | D:2      | Found a sacrificial altar of Ru.
  1880 | D:2      | Reached skill level 2 in Maces & Flails
  2069 | D:3      | Found a sparkling altar of Nemelex Xobeh.
  2100 | D:3      | Reached XP level 4. HP: 24/48 MP: 4/4
  2305 | D:3      | Reached skill level 3 in Maces & Flails
  2556 | D:3      | Noticed Ijyb
  2577 | D:3      | Killed Ijyb
  2577 | D:3      | Reached XP level 5. HP: 52/55 MP: 5/5
  2752 | D:3      | Reached skill level 5 in Fighting
  2752 | D:3      | Reached skill level 4 in Maces & Flails
  2797 | D:3      | Found a sacrificial altar of Ru.
  2929 | D:4      | Noticed Sigmund
  2940 | D:4      | Killed Sigmund
  2940 | D:4      | Reached skill level 5 in Maces & Flails
  2940 | D:4      | Reached XP level 6. HP: 49/67 MP: 6/6
  3204 | D:4      | Reached XP level 7. HP: 65/76 MP: 7/7
  3441 | D:4      | Found a deep blue altar of Sif Muna.
  3524 | D:5      | Entered Level 5 of the Dungeon
  3540 | D:5      | Reached skill level 6 in Maces & Flails
  3948 | D:5      | Found an oddly glowing altar of Pakellas.
  3956 | D:5      | Became a worshipper of Pakellas the Inventive
  4222 | D:5      | Reached skill level 7 in Maces & Flails
  4243 | D:5      | Found Owujih's Jewellery Boutique.
  4296 | D:5      | Noticed a hill giant
  4337 | D:5      | Killed a hill giant
  4337 | D:5      | Reached skill level 8 in Maces & Flails
  4337 | D:5      | Reached XP level 8. HP: 89/89 MP: 8/8
  4379 | D:5      | Found a blossoming altar of Fedhas.
  4383 | D:5      | Found a bloodstained altar of Trog.
  4595 | D:5      | Found a staircase to the Ecumenical Temple.
  4670 | D:6      | Reached skill level 5 in Throwing
  4725 | D:6      | Reached * piety under Pakellas
  4771 | D:6      | Reached skill level 9 in Maces & Flails
  5016 | D:6      | Reached XP level 9. HP: 58/100 MP: 9/9
  5234 | D:7      | Found a radiant altar of Vehumet.
  5354 | D:7      | Reached skill level 10 in Fighting
  5422 | D:7      | Reached ** piety under Pakellas
  5422 | D:7      | Received a gift from Pakellas
  5471 | D:7      | Reached skill level 10 in Maces & Flails
  5814 | D:7      | Reached skill level 1 in Evocations
  5922 | D:7      | Found a snail-covered altar of Cheibriados.
  6090 | D:7      | Found Qait's General Store.
  6093 | D:7      | Bought 4 needles of confusion for 24 gold pieces
  6093 | D:7      | Bought the cursed +0 robe "Wobeg" {Int+2 Stlth+} for 140 gold pieces
  6093 | D:7      | Bought a potion of agility for 48 gold pieces
  6249 | D:8      | Noticed Erolcha
  6338 | D:5      | Bought an uncursed ring of see invisible for 195 gold pieces
  6429 | D:8      | Killed Erolcha
  6429 | D:8      | Reached skill level 11 in Maces & Flails
  6429 | D:8      | Reached XP level 10. HP: 94/114 MP: 11/11
  6593 | D:8      | Noticed Psyche
  6605 | D:8      | Killed Psyche
  7025 | D:8      | Found a glowing golden altar of the Shining One.
  7530 | D:8      | Found a burning altar of Makhleb.
  7923 | D:9      | Reached *** piety under Pakellas
  8022 | D:9      | Reached skill level 12 in Maces & Flails
  8023 | D:9      | Found a shimmering altar of Xom.
  8440 | D:9      | Found an opulent altar of Gozag.
  8494 | D:9      | Noticed gruber's ghost (journeyman HaHu)
  8726 | D:9      | Killed gruber's ghost
  8726 | D:9      | Reached XP level 11. HP: 80/123 MP: 13/13
  9049 | D:9      | Reached skill level 13 in Maces & Flails
  9108 | D:9      | Reached **** piety under Pakellas
  9108 | D:9      | Received a gift from Pakellas
  9478 | D:10     | Entered Level 10 of the Dungeon
 10077 | D:10     | Found a staircase to the Lair.
 10183 | D:10     | Noticed a hill giant
 10215 | D:10     | Killed a hill giant
 10520 | D:10     | Reached skill level 14 in Maces & Flails
 10617 | D:10     | Upgraded the game from 0.18-a0-1666-g3ea6f2b to 0.18-a0-1670-gb40d73e
 10629 | D:10     | Noticed feelmyfire's ghost (journeyman HOFi)
 10659 | D:10     | Identified a +2 rod of shadows (12/12) (Pakellas gifted it to you on level 9 of the Dungeon)
 10665 | D:10     | Killed feelmyfire's ghost
 10801 | D:10     | Reached ***** piety under Pakellas
 10946 | D:10     | Noticed an unseen horror
 10954 | D:10     | Killed an unseen horror
 10983 | D:10     | Found a glowing golden altar of the Shining One.
 11268 | D:11     | Reached skill level 5 in Evocations
 11451 | D:11     | Reached XP level 12. HP: 125/136 MP: 15/15
 11751 | D:11     | Identified Cerebov's Catalogue of Axaxaxas mlö
 11763 | D:11     | Identified Ts'ui Pên's Catalogue of Forking Paths
 11820 | D:11     | Reached skill level 15 in Maces & Flails
 11850 | D:11     | Identified the Handbook of Combed Thunderclap
 12244 | D:11     | Found a staircase to the Orcish Mines.
 12844 | D:12     | Reached skill level 16 in Maces & Flails
 13334 | D:12     | Upgraded the game from 0.18-a0-1670-gb40d73e to 0.18-a0-1677-g2bdad6c
 13375 | D:13     | Reached ****** piety under Pakellas
 13458 | D:13     | Noticed Rupert
 13471 | D:13     | Killed Rupert
 13471 | D:13     | Reached XP level 13. HP: 120/146 MP: 3/17
 13475 | D:13     | Reached skill level 10 in Throwing
 13531 | D:13     | Noticed Maurice
 13547 | D:13     | Killed Maurice
 13612 | D:13     | Reached skill level 17 in Maces & Flails
 13616 | D:13     | Noticed Urug
 13631 | D:13     | Killed Urug
 13755 | D:13     | Reached skill level 1 in Dodging
 13967 | D:14     | Reached skill level 1 in Armour
 13993 | D:14     | Noticed Snorg
 14016 | D:14     | Killed Snorg
 14676 | D:14     | Received a gift from Pakellas
 15236 | D:14     | Reached skill level 18 in Maces & Flails
 15398 | D:14     | Found a gate to the Vaults.
 15444 | D:14     | Upgraded the game from 0.18-a0-1677-g2bdad6c to 0.18-a0-1683-gf9322e6
 15534 | Lair:1   | Entered Level 1 of the Lair of Beasts
 15726 | Lair:1   | Reached XP level 14. HP: 112/156 MP: 14/19
 16905 | D:5      | Bought the ring "Ethrisaupa" {Ice +Inv} for 507 gold pieces
 17420 | Lair:2   | Reached skill level 19 in Maces & Flails
 17768 | Lair:3   | Found a hole to the Spider Nest.
 17777 | Lair:3   | HP: 5/156 [redback (11)]
 17778 | Lair:3   | HP: 2/156 [jumping spider (8)]
 17778 | Lair:3   | Mangled by a redback

Vault maps used:
D:1:      co_arrival_random_square_maze, minmay_statues_item,
          roderic_roman_lattice
D:2:      nicolae_ru_the_path_less_chosen
D:3:      lemuel_doored_altar, nemelex_xobeh_ov_fountains_minmay, st_stairs_8,
          bh_walls_and_bars, uniq_iyjb
D:4:      tgw_sif, uniq_sigmund
D:5:      minitemple, old_standard_altar, minmay_temple_entry_mist,
          serial_shops, nicolae_shop_behind_doors, first_bread
D:7:      lemuel_crystal_altar, marbit_many_paths, serial_shops,
          kennysheep_mini, the_bakery
D:8:      nicolae_overflow_hidden_temple, tso_altar, kennysheep_potato,
          uniq_erolcha, uniq_psyche
D:9:      grunt_gozag_statues, xom_butterflies
D:10:     minmay_lair_entry_grove, basic_altar
D:11:     orc_0_dummy, bh_hangedman_babel_library
D:12:     minmay_misc_feat_nine_boxes, nrook_guardian_serpent_double
D:13:     dk_noncrumbling_4, uniq_urug, uniq_maurice, uniq_rupert
D:14:     hangedman_vaults_entry_quadrant_bands, grunt_decor_fettered,
          minivault_19, uniq_snorg
Lair:1:   minivault_29, grunt_megastairs_3
Lair:2:   grunt_megastairs_4
Lair:3:   nicolae_spider_entry_tight_spaces

Skill      XL: |  1  2  3  4  5  6  7  8  9 10 11 12 13 14 |
---------------+-------------------------------------------+-----
Fighting       | 3 4 6 8 9 11 12 13 14 | 14.0
Maces & Flails | 1 2 3 5 8 9 11 12 14 16 18 19 | 19.0
Throwing       | 3 4 5 6 7 8 9 10 | 10.1
Evocations     | 2 3 5 6 7 8 |  8.4
Dodging        | 3 4 |  4.6
Armour         | 3 4 |  4.3
Short Blades   | |  1.2
Stealth        | |  3.2

Action                   |  1- 3 |  4- 6 |  7- 9 | 10-12 | 13-15 || total
-------------------------+-------+-------+-------+-------+-------++-------
Melee: Dagger            |   132 |    73 |       |       |       ||   205
       Flail             |       |    31 |   202 |   480 |       ||   713
       Rapier            |       |       |       |    21 |       ||    21
       Dire flail        |       |       |       |    49 |       ||    49
       Giant spiked club |       |       |       |     2 |   458 ||   460
 Fire: Blowgun           |     6 |    39 |    81 |   175 |    41 ||   342
Throw: Large rock        |       |     5 |    19 |    18 |    19 ||    61
       Tomahawk          |       |       |     4 |    53 |    31 ||    88
       Throwing net      |       |       |     1 |     1 |       ||     2
       Javelin           |       |       |       |    52 |    57 ||   109
Invok: Quick Charge      |       |       |       |     9 |    10 ||    19
Evoke: Wand              |       |       |     9 |    40 |     4 ||    53
       Rod               |       |       |       |    14 |     4 ||    18
       Phial of floods   |       |       |       |     1 |       ||     1
  Use: Scroll            |     4 |       |     5 |    19 |     5 ||    33
       Potion            |     1 |       |       |     1 |     1 ||     3
 Stab: Sleeping          |     3 |     1 |     2 |     6 |     3 ||    15
       Held in net/web   |       |       |     1 |       |       ||     1
       Distracted        |       |       |       |     3 |       ||     3
  Eat: Chunk             |     4 |     3 |    10 |    43 |    30 ||    90
       Pizza             |       |       |       |     1 |       ||     1
